 Dungeon Crawl Stone Soup version 0.30-a0-1043-g60ff8d5f49 (webtiles) character file.

Game seed: 4361427569307108078

17 Esekla the Sneak (level 2, -5/21 HPs)
             Began as an Octopode Delver on Apr 9, 2023.
             Slain by a gnoll
             ... wielding a +3 whip
              (8 damage)
             ... on level 5 of the Dungeon.
             The game lasted 00:01:27 (176 turns).

Esekla the Sneak (Octopode Delver)                   Turns: 176, Time: 00:01:28

Health: -5/21      AC:  1    Str: 11    XL:     2   Next: 62%
Magic:  2/2        EV: 13    Int: 12    God:
Gold:   21         SH:  0    Dex: 13    Spells: 1/1 levels left

rFire   . . .      SeeInvis .    a - +0 falchion
rCold   . . .      Faith    .    (no shield)
rNeg    . . .      Spirit   .    (helmet restricted)
rPois   .          Reflect  .    (no amulet)
rElec   .          Rampage  .    (no ring)
rCorr   .                        (no ring)
Will    .....                    (no ring)
Stlth   ++++                     (no ring)
HPRegen 0.23/turn                (no ring)
MPRegen 0.08/turn                (no ring)
                                 (no ring)
                                 (no ring)

@: no status effects
A: almost no armour, amphibious, 8 rings, camouflage 1, gelatinous body 1,
(nimble swimmer 1), tentacles
a: no special abilities


You were on level 5 of the Dungeon.
You visited 1 branch of the dungeon, and saw 1 of its levels.

You collected 21 gold pieces.

Inventory:

Hand Weapons
 a - a +0 falchion (weapon)
Wands
 f - a wand of digging (3)
Scrolls
 b - a scroll of fog
 c - a scroll of noise {unknown}
 d - a scroll of fear
Potions
 e - a potion of haste


   Skills:
 * Level 3.1 Fighting
 * Level 2.1 Long Blades
 * Level 2.1 Dodging
 + Level 7.0 Stealth
 * Level 0.4 Spellcasting


You had one spell level left.
You didn't know any spells.
Your spell library was empty.

Dungeon Overview and Level Annotations

Branches:
Dungeon (5/15)
 Temple: D:4-7

Altars:
Dithmenos


Innate Abilities, Weirdness & Mutations

You cannot wear most types of armour.
You are amphibious.
You can wear up to eight rings at the same time.
Your skin changes colour to match your surroundings (Stealth+).
Your rubbery body absorbs attacks. (AC +1, EV +1)
((You are camouflaged when in or above water. (Stealth+)))
You have tentacles for arms and can constrict up to eight enemies at once.


Message History

The orc closely misses you.
You hit the orc.
You kill the orc!
The orc hits you with a +0 dagger.
You hit the orc but do no damage. You grab the orc. You constrict the orc.
The orc hits you with a +0 dagger.
You hit the orc.
The orc is severely wounded.
You constrict the orc, but do no damage.
The orc completely misses you.
You hit the orc but do no damage.
The orc is severely wounded.
You constrict the orc.
You kill the orc!
Your Stealth skill increases to level 7!
You start resting.
A gnoll comes into view. It is wielding a +0 heavy halberd.
Press: ? - help, v - describe, . - travel, g - get item
Items here: ( )))) [[[ †††.
The floor, spattered with blood.
You start resting.
A gnoll is nearby!
A gnoll comes into view. It is wielding a +3 whip.
The gnoll shouts! x3
Items here: ( )))) [[[ †††.
Okay, then.
You see here a scroll labelled DIAFEST UD VURCH.
c - a scroll labelled DIAFEST UD VURCH
Found a shadowy altar of Dithmenos.
A gnoll opens the door.
The gnoll shouts!
Found a chain mail.
An orc comes into view. It is wielding a +0 hand axe.
An iguana comes into view.
The orc shouts!
The gnoll hits you with a +3 whip!
Ouch! That really hurt!
The gnoll hits you with a +3 whip!
* * * LOW HITPOINT WARNING * * *
The gnoll hits you with a +3 whip!
You die...

#.* *,,,,,,,
***###'#####*#######***
*,.........#*.......,,*
***,.........##.......,,*
*********,+,,.................,,+
,,,,,,,,,,*,,........#*.......,,*
,,,,,,,,,#######.....##.......,,*
,,,,,,,,,.....................,,*
,,,,,,,,******##@....#........,,*
,,,,,,,,* #.g...#l.......,,*
,,,,,,,,* #.#####g.......,,*
,,,,,,,,* #g# #........,,*
,,,,,,,,***** #.# #........,,*
,,,,,,,,,,..####g#####....[...,,*
>,,,,,,,,........l..gl........***
,,,,,,,,,............########.* *
,,,,,,,,,..####.####.# ***,***


You could see an iguana and 3 gnolls.

Vanquished Creatures
  An adder (D:5)
  4 orcs (D:5)
5 creatures vanquished.

Notes
Turn   | Place    | Note
-------+----------+-------------------------------------------
     0 | D:5      | Esekla the Octopode Delver began the quest for the Orb.
     0 | D:5      | Reached XP level 1. HP: 16/16 MP: 1/1
    18 | D:5      | Noticed a centaur
    62 | D:5      | Reached XP level 2. HP: 14/21 MP: 2/2
    70 | D:5      | Reached skill level 7 in Stealth
   136 | D:5      | Found a shadowy altar of Dithmenos.
   176 | D:5      | Slain by a gnoll

Illustrated notes

Levels and vault maps discovered:
D:5:      layout_basic, nicolae_overflow_crystal_walls

Skill      XL: |  1  2 |
---------------+-------+-----
Stealth        | 7 |  7.0
Fighting       | |  3.1
Long Blades    | |  2.1
Dodging        | |  2.1
Spellcasting   | |  0.4

Action                     || total
---------------------------++-------
  Melee: Falchion          ||    13
         Constrict         ||     5
         Tentacles         ||     3
    Use: Scroll            ||     1
  Dodge: Dodged            ||     7

Table legend: (Time is in decaauts)
 A = Elapsed time spent in this place.
 B = Non-inter-level travel time spent in this place.
 C = Inter-level travel time spent in this place.
 D = Time resting spent in this place.
 E = Time spent auto-exploring this place.
 F = Levels seen in this place.
 G = Mean time per level.
                   A        B        C        D        E       F      G
               +--------+--------+--------+--------+--------+-----+--------+
         Total |    178 |    178 |      0 |     38 |      0 |   1 |  178.0 |
       Dungeon |    178 |    178 |      0 |     38 |      0 |   1 |  178.0 |
               +--------+--------+--------+--------+--------+-----+--------+

Top non-repeatable levels by time:
     D:5: 178 daAuts
